 Dungeon Crawl Stone Soup version 0.28.0-45-g0d030f2227 (webtiles) character file.

Game seed: 3452697714364946375

100 Ablot the Cutter (level 4, 0/41 HPs)
             Began as a Gnoll Chaos Knight on Apr 22, 2022.
             Was a Plaything of Xom.
             Slain by a river rat (7 damage)
             ... in a sewer.
             The game lasted 00:02:31 (2622 turns).

Ablot the Cutter (Gnoll Chaos Knight)               Turns: 2622, Time: 00:02:32

Health: 0/41       AC:  5    Str: 13    XL:     4   Next: 74%
Magic:  5/5        EV: 12    Int: 11    God:    Xom [...*..]
Gold:   48         SH:  0    Dex: 12    Spells: 5/5 levels left

rFire   . . .      SeeInvis .   a - +0 short sword (chaos)
rCold   . . .      Faith    .   (no shield)
rNeg    . . .      Spirit   .   b - +2 leather armour
rPois   .          Reflect  .   (no helmet)
rElec   .          Harm     .   (no cloak)
rCorr   .          Rampage  .   (no gloves)
Will    .....                   (no boots)
Stlth   +.........              (no amulet)
HPRegen 0.13/turn               (no ring)
MPRegen 0.09/turn               (no ring)

@: unable to read
A: fangs 1, strong nose, distributed training, inability to read while
threatened
a: Renounce Religion


You were in a sewer.
You worshipped Xom.
You were a favourite toy of Xom.
You visited 1 branch of the dungeon, and saw 3 of its levels.
You also visited: Sewer.

You collected 48 gold pieces.

Inventory:

Hand Weapons
 a - a +0 short sword of chaos (weapon)
Missiles
 c - 16 arrows
 d - 74 stones (quivered)
 m - 24 bolts
 n - 3 atropa-tipped darts
 o - 4 javelins
Armour
 b - a +2 leather armour (worn)
Magical Staves
 i - a staff of earth
Scrolls
 e - a scroll of enchant armour {unknown}
 l - 2 scrolls of identify {unknown}
 p - a scroll of vulnerability {unknown}
Potions
 f - 2 potions of curing
 g - a potion of brilliance {unknown}
 h - a potion of degeneration {unknown}
 j - a potion of lignification {unknown}
 k - a potion of flight {unknown}


   Skills:
 + Level 6.6 Fighting
 + Level 6.6 Short Blades
 + Level 1.2 Long Blades
 + Level 1.2 Axes
 + Level 1.2 Maces & Flails
 + Level 1.2 Polearms
 + Level 1.2 Staves
 + Level 1.2 Slings
 + Level 1.2 Bows
 + Level 1.2 Crossbows
 + Level 1.2 Throwing
 + Level 4.7 Armour
 + Level 2.8 Dodging
 + Level 1.2 Stealth
 + Level 1.2 Shields
 + Level 1.2 Unarmed Combat
 + Level 1.2 Spellcasting
 + Level 1.0 Conjurations
 + Level 1.0 Hexes
 + Level 1.0 Summonings
 + Level 1.0 Necromancy
 + Level 1.0 Translocations
 + Level 1.0 Transmutations
 + Level 1.0 Fire Magic
 + Level 1.0 Ice Magic
 + Level 1.0 Air Magic
 + Level 1.0 Earth Magic
 + Level 1.0 Poison Magic
 + Level 1.3 Invocations
 + Level 1.2 Evocations


You had 5 spell levels left.
You didn't know any spells.
Your spell library contained the following spells:

 Spells                   Type           Power      Damage    Failure   Level
 Summon Forest            Summ/Tloc      1%         N/A       100%        5
 Summon Mana Viper        Hex/Summ       2%         N/A       100%        5
 Summon Cactus Giant      Summ           1%         N/A       100%        6


Dungeon Overview and Level Annotations

Branches:
Dungeon (3/15)              Sewer (1/1)

Altars:
Xom


Innate Abilities, Weirdness & Mutations

You have very sharp teeth.
Your uncanny sense of smell can sniff out nearby items.
Your experience applies equally to all skills.
You sometimes lose the ability to read scrolls when taking damage.


Message History

You bite the river rat, but do no damage.
The river rat is heavily wounded.
The river rat bites you!
You feel threatened and lose the ability to read scrolls!
You hit the river rat but do no damage.
The river rat resists with some effort.
The river rat is heavily wounded.
The river rat bites you.
Your unstable footing causes you to fumble your attack.
The river rat bites you.
Your unstable footing causes you to fumble your attack.
You can read scrolls again.
The river rat closely misses you.
Your unstable footing causes you to fumble your attack.
The river rat completely misses you. The river rat misses you.
The river rat barely misses you. The river rat bites you!
You feel threatened and lose the ability to read scrolls!
You closely miss the river rat.
The river rat is heavily wounded.
The river rat barely misses you.
You hit the river rat but do no damage. Your bite misses the river rat.
The river rat is heavily wounded.
The river rat closely misses you.
You closely miss the river rat.
The river rat is heavily wounded.
The river rat bites you.
You hit the river rat.
The river rat resists with some effort.
The river rat is severely wounded.
The river rat bites you.
* * * LOW HITPOINT WARNING * * *
You hit the river rat but do no damage.
The river rat is severely wounded.
The river rat barely misses you. The river rat bites you.
* * * LOW HITPOINT WARNING * * *
You closely miss the river rat.
You bite the river rat, but do no damage.
The river rat is severely wounded.
The river rat bites you!
You die... "It's all fun and games until someone loses an eye."

∆ #≈ ∆ ∆ #≈ ∆ #≈
##≈## # ##.≈≈##
..#
####.≈≈≈.####...≈≈
≈≈≈≈≈.∩.@rr≈≈.≈...
###.≈.∩.####.....
##...## ≈.# ##≈##
# #≈ #≈ #≈ .≈ ..


You could see a river rat (berserk) and a rat.

Vanquished Creatures
  4 adders
  3 worms
  5 ball pythons
  4 endoplasms
  2 giant cockroaches
  7 hobgoblins
  9 jackals (D:2)
  3 quokkas
  2 bats
  5 kobolds
  5 rats
49 creatures vanquished.

Notes
Turn   | Place    | Note
-------+----------+-------------------------------------------
     0 | D:1      | Ablot the Gnoll Chaos Knight began the quest for the Orb.
     0 | D:1      | Reached XP level 1. HP: 23/23 MP: 1/1
    60 | D:1      | XOM: silly message
   538 | D:1      | XOM: scenery: create altars
   561 | D:1      | Found a faded altar of an unknown god.
   566 | D:1      | Reached XP level 2. HP: 29/29 MP: 2/2
   764 | D:2      | XOM: cloud trail
   947 | D:2      | XOM: noise
  1003 | D:2      | XOM: enchant monster (bad)
  1008 | D:2      | Reached XP level 3. HP: 10/35 MP: 3/3
  1493 | D:2      | XOM: 2-stop teleportation journey
  1565 | D:2      | XOM: noise
  1567 | D:2      | Reached skill level 1 in Invocations
  1742 | D:2      | XOM: divination: detect items
  1748 | D:2      | XOM: divination: detect creatures
  1865 | D:2      | Reached skill level 1 in Long Blades
  1865 | D:2      | Reached skill level 1 in Axes
  1865 | D:2      | Reached skill level 1 in Maces & Flails
  1865 | D:2      | Reached skill level 1 in Polearms
  1865 | D:2      | Reached skill level 1 in Staves
  1865 | D:2      | Reached skill level 1 in Slings
  1865 | D:2      | Reached skill level 1 in Bows
  1865 | D:2      | Reached skill level 1 in Crossbows
  1865 | D:2      | Reached skill level 1 in Throwing
  1865 | D:2      | Reached skill level 1 in Stealth
  1865 | D:2      | Reached skill level 1 in Shields
  1865 | D:2      | Reached skill level 1 in Unarmed Combat
  1865 | D:2      | Reached skill level 1 in Spellcasting
  1865 | D:2      | Reached skill level 1 in Evocations
  1868 | D:2      | XOM: potion effect (curing)
  1944 | D:2      | Reached XP level 4. HP: 41/41 MP: 5/5
  2225 | D:2      | XOM: give mutation
  2225 | D:2      | Gained mutation: You sometimes lose the ability to read
                  | scrolls when taking damage. [Xom's mischief]
  2369 | D:3      | XOM: cloud trail
  2542 | D:3      | Reached skill level 1 in Conjurations
  2542 | D:3      | Reached skill level 1 in Hexes
  2542 | D:3      | Reached skill level 1 in Summonings
  2542 | D:3      | Reached skill level 1 in Necromancy
  2542 | D:3      | Reached skill level 1 in Translocations
  2542 | D:3      | Reached skill level 1 in Transmutations
  2542 | D:3      | Reached skill level 1 in Fire Magic
  2542 | D:3      | Reached skill level 1 in Ice Magic
  2542 | D:3      | Reached skill level 1 in Air Magic
  2542 | D:3      | Reached skill level 1 in Earth Magic
  2542 | D:3      | Reached skill level 1 in Poison Magic
  2593 | D:3      | Found a glowing drain.
  2599 | Sewer    | Entered a sewer
  2622 | Sewer    | Slain by a river rat

Illustrated notes

Levels and vault maps discovered:
D:1:      saegor_arrival_simple_d, layout_loops_ring,
          ebering_ecumenical_altar_sacrificial
D:2:      layout_loops_corners, fountainhead
D:3:      layout_basic, gup_sewer_entry_bubbles
Sewer:    sewer_co_15_rooms

Skill      XL: |  1  2  3  4 |
---------------+-------------+-----
Invocations    | 1 |  1.3
Long Blades    | 1 |  1.2
Axes           | 1 |  1.2
Maces & Flails | 1 |  1.2
Polearms       | 1 |  1.2
Staves         | 1 |  1.2
Slings         | 1 |  1.2
Bows           | 1 |  1.2
Crossbows      | 1 |  1.2
Throwing       | 1 |  1.2
Stealth        | 1 |  1.2
Shields        | 1 |  1.2
Unarmed Combat | 1 |  1.2
Spellcasting   | 1 |  1.2
Evocations     | 1 |  1.2
Conjurations   | 1 |  1.0
Hexes          | 1 |  1.0
Summonings     | 1 |  1.0
Necromancy     | 1 |  1.0
Translocations | 1 |  1.0
Transmutations | 1 |  1.0
Fire Magic     | 1 |  1.0
Ice Magic      | 1 |  1.0
Air Magic      | 1 |  1.0
Earth Magic    | 1 |  1.0
Poison Magic   | 1 |  1.0
Fighting       | |  6.6
Short Blades   | |  6.6
Armour         | |  4.7
Dodging        | |  2.8

Action                   |  1- 3 |  4- 6 || total
-------------------------+-------+-------++-------
Melee: Short sword       |   108 |    82 ||   190
       Bite              |    13 |     9 ||    22
  Use: Potion            |     1 |       ||     1
 Stab: Confused          |     1 |       ||     1
       Petrified         |       |     1 ||     1
Armor: Leather armour    |    28 |    12 ||    40
Dodge: Dodged            |    70 |    41 ||   111
